AoeStats
← oneal321

Oasis

510196033Analyzed
4v4 RM · 13h ago on Sep 29, 2026· 52m 40s· 8 players
Game mode
Random Map
Map size
Large (8 player)
Population
200
Speed
Normal
Resources
Standard
Victory
Conquest
Starting age
Dark Age
Ending age
Imperial Age
RankedLock teamsTeams togetherTeam positionsShared explorationLock speedFull tech treeHidden civsTurbo modeCheats
Victory
Defeat
🇬🇧 Franks · United Kingdom
716
+13
🇩🇪 Khmer · Germany
709
+13
🇺🇸 Byzantines · United States
664
+15
🇵🇪 Turks · Peru
657
+15
🇺🇸 Mongols · United States
791
-20
🇦🇷 Persians · Argentina
677
-15
🇮🇳 Teutons · India
576
-11
🇺🇸 Persians · United States
528
-10
oneal321
0:31 Loom
14:20 Feudal Age
14:44 Horse Collar
14:54 Double-Bit Axe
25:49 Castle Age
25:14 Fletching
26:17 Scale Mail Armor
26:28 Forging
26:24 Scale Barding Armor
26:32 Heavy Plow
26:49 Bow Saw
26:53 Squires
26:40 Gambesons
28:21 Bodkin Arrow
28:32 Husbandry
27:54 Light Cavalry
28:38 Pikeman
28:47 Elite Skirmisher
30:47 Caravan
31:02 Fortified Wall
32:18 Wheelbarrow
32:42 Chain Barding Armor
34:05 Treadmill Crane
34:23 Murder Holes
34:49 Ballistics
34:21 Arson
35:15 Iron Casting
39:37 Imperial Age
38:09 Greek Fire
38:27 Guard Tower
41:37 Conscription
41:33 Bracer
41:50 Chain Mail Armor
41:37 Padded Archer Armor
41:47 Thumb Ring
44:33 Halberdier
47:36 Chemistry
46:02 Capped Ram
47:29 Plate Mail Armor
48:12 Two-Man Saw
47:51 Crop Rotation
48:24 Hussar
51:11 Siege Ram
Pan con Queso
8:37 Loom
12:13 Feudal Age
13:32 Wheelbarrow
14:06 Gold Mining
14:09 Double-Bit Axe
16:26 Horse Collar
19:54 Stone Mining
24:56 Castle Age
26:42 Hand Cart
27:08 Bow Saw
27:15 Heavy Plow
30:46 Gold Shaft Mining
30:24 Caravan
35:36 Imperial Age
32:57 Treadmill Crane
36:02 Heated Shot
36:07 Murder Holes
37:39 Two-Man Saw
40:37 Padded Archer Armor
40:28 Fletching
40:48 Forging
40:38 Scale Mail Armor
40:44 Scale Barding Armor
40:52 Masonry
40:52 Fortified Wall
40:33 Guard Tower
41:03 Ballistics
41:04 Bombard Tower
40:30 Arrowslits
41:21 Conscription
41:38 Hoardings
41:26 Sipahi
41:07 Artillery
41:37 Parthian Tactics
40:33 Heavy Cavalry Archer
42:47 Sappers
44:23 Leather Archer Armor
44:03 Bodkin Arrow
44:43 Iron Casting
44:24 Chain Mail Armor
44:30 Chain Barding Armor
48:32 Ring Archer Armor
48:03 Bracer
49:03 Blast Furnace
48:34 Plate Mail Armor
52:57 Plate Barding Armor
julian_venom
0:27 Loom
10:41 Feudal Age
11:58 Wheelbarrow
11:09 Horse Collar
13:34 Double-Bit Axe
22:05 Castle Age
21:27 Stone Mining
21:29 Gold Mining
22:40 Scale Barding Armor
23:03 Hand Cart
22:52 Heavy Plow
23:06 Bow Saw
24:59 Husbandry
25:14 Bloodlines
27:48 Town Watch
28:39 Town Patrol
28:54 Caravan
31:56 Chain Barding Armor
31:58 Ballistics
34:39 Imperial Age
34:35 Tusk Swords
35:38 Double Crossbow
35:46 Heavy Scorpion
37:49 Plate Barding Armor
37:37 Siege Engineers
38:03 Elite Battle Elephant
47:19 Conscription
Roars
7:01 Loom
11:12 Feudal Age
12:50 Wheelbarrow
12:06 Double-Bit Axe
20:28 Gold Mining
21:47 Stone Mining
27:07 Castle Age
28:39 Hand Cart
28:37 Bow Saw
28:32 Pikeman
29:12 Squires
28:36 Elite Skirmisher
29:52 Caravan
32:28 Fortified Wall
33:49 Ballistics
37:29 Imperial Age
39:26 Chemistry
39:59 Padded Archer Armor
40:48 Siege Engineers
45:41 Elite Throwing Axeman
LiveDoppler
9:53 Feudal Age
10:25 Double-Bit Axe
14:55 Horse Collar
17:56 Castle Age
17:29 Stone Mining
19:07 Bow Saw
19:38 Wheelbarrow
20:32 Stone Shaft Mining
22:30 Caravan
23:20 Heavy Plow
28:21 Hand Cart
34:02 Imperial Age
31:21 Loom
31:22 Town Watch
31:41 Murder Holes
33:01 Fletching
33:11 Padded Archer Armor
35:05 Drill
35:28 Siege Engineers
37:10 Elite Mangudai
38:18 Heavy Scorpion
38:20 Capped Ram
40:05 Bodkin Arrow
40:25 Leather Archer Armor
39:46 Onager
42:25 Fortified Wall
43:20 Chemistry
42:26 Siege Onager
44:47 Hoardings
44:32 Conscription
46:37 Bloodlines
51:14 Light Cavalry
52:11 Hussar
ElPaisaCOL
0:48 Loom
12:54 Feudal Age
15:01 Horse Collar
15:12 Double-Bit Axe
23:21 Castle Age
22:51 Stone Mining
28:04 Heavy Plow
29:29 Stone Shaft Mining
28:49 Gold Mining
30:50 Gold Shaft Mining
34:52 Crossbowman
35:41 Thumb Ring
36:08 Kamandaran
37:00 Bow Saw
41:42 Imperial Age
41:20 Pikeman
42:01 Squires
41:47 Arson
42:07 Halberdier
49:27 Elite War Elephant
51:35 Citadels
JuaniiHalls
4:45 Loom
10:38 Feudal Age
11:05 Double-Bit Axe
13:00 Gold Mining
14:18 Town Watch
15:22 Wheelbarrow
16:08 Man-at-Arms
18:14 Horse Collar
23:21 Castle Age
22:53 Arson
23:02 Stone Mining
26:47 Heavy Plow
29:35 Hand Cart
30:28 Gold Shaft Mining
30:33 Murder Holes
30:52 Caravan
35:18 Imperial Age
32:50 Squires
33:41 Kamandaran
34:06 Ballistics
33:37 Guard Tower
33:30 Pikeman
33:55 Crossbowman
35:15 Stone Shaft Mining
35:22 Thumb Ring
35:16 Fletching
35:28 Padded Archer Armor
36:08 Capped Ram
37:16 Conscription
38:28 Chemistry
37:49 Bodkin Arrow
38:10 Leather Archer Armor
38:38 Onager
40:16 Ring Archer Armor
39:52 Scale Barding Armor
40:37 Bow Saw
40:50 Siege Ram
42:35 Hoardings
43:15 Husbandry
43:25 Bloodlines
46:08 Citadels
50:37 Scale Mail Armor
50:57 Chain Barding Armor
52:11 Light Cavalry
St.Mischief
12:50 Feudal Age
13:17 Double-Bit Axe
13:15 Horse Collar
15:56 Gold Mining
15:56 Stone Mining
22:40 Castle Age
25:18 Wheelbarrow
25:35 Bow Saw
25:33 Heavy Plow
27:15 Hand Cart
31:33 Forging
31:23 Scale Mail Armor
31:28 Scale Barding Armor
35:54 Imperial Age
37:09 Crop Rotation
37:43 Two-Man Saw
36:56 Elite Teutonic Knight
36:59 Cavalier
44:00 Paladin
45:19 Iron Casting
44:59 Chain Mail Armor
45:04 Chain Barding Armor
45:03 Chain Mail Armor
48:05 Blast Furnace
Connection lost

Rejoining the realm…

Still unreachable

The connection could not be restored.

Session expired

The server has moved on; the page needs a fresh start.